 Dungeon Crawl Stone Soup version 0.29.0 (webtiles) character file.

Game seed: 10287889430123533859

13159 Dorkslayer the Cleaver (level 12, -10/159 HPs)
             Began as a Hill Orc Fighter on Sept 22, 2022.
             Was an Initiate of Gozag.
             Mangled by a reaper
             ... wielding a +1 scythe of freezing
              (18 damage)
             ... in an ice cave.
             The game lasted 00:35:34 (14201 turns).

Dorkslayer the Cleaver (Hill Orc Fighter)          Turns: 14201, Time: 00:35:35

Health: -10/159    AC: 22    Str: 22    XL:     12   Next: 3%
Magic:  12/12      EV:  8    Int:  8    God:    Gozag
Gold:   2002       SH: 17    Dex: 18    Spells: 11/11 levels left

rFire   . . .      SeeInvis .   d - +1 broad axe
rCold   + . .      Faith    .   s - +0 kite shield
rNeg    . . .      Spirit   .   r - +5 chain mail of the Big Bang {rC+}
rPois   .          Reflect  +   f - +0 helmet
rElec   .          Harm     .   g - +0 cloak
rCorr   .          Rampage  .   b - +1 pair of gloves
Will    .....                   c - +0 pair of boots
Stlth   ..........              w - amulet of reflection
HPRegen 0.36/turn               i - +6 ring of dexterity
MPRegen 0.13/turn               p - ring of flight

@: berserking, flying, very quick
A: no striking features
a: Renounce Religion, Potion Petition, Call Merchant, Bribe Branch


You were in an ice cave.
You worshipped Gozag.
Gozag was most pleased with you.
You visited 1 branch of the dungeon, and saw 11 of its levels.
You also visited: Ice Cave.

You collected 2036 gold pieces.
You paid 34 gold pieces to Gozag.

Inventory:

Hand Weapons
 a - a +0 war axe
 d - a +1 broad axe (weapon)
Missiles
 t - 3 boomerangs (quivered)
Armour
 b - a +1 pair of gloves (worn)
 c - a +0 pair of boots (worn)
 f - a +0 helmet (worn)
 g - a +0 cloak (worn)
 h - a +0 plate armour
 r - the +5 chain mail of the Big Bang (worn) {rC+}
   (You found it on level 6 of the Dungeon)

   rC:        It protects you from cold.
 s - a +0 kite shield (worn)
Jewellery
 i - a +6 ring of dexterity (left hand)
 p - a ring of flight (right hand)
 w - an amulet of reflection (around neck)
Scrolls
 e - a scroll of magic mapping
 l - 4 scrolls of teleportation
 m - 3 scrolls of butterflies
 o - 2 scrolls of immolation
 u - 2 scrolls of poison
Potions
 j - a potion of invisibility
 k - 2 potions of flight
 n - a potion of magic
 v - a potion of ambrosia


   Skills:
 * Level 10.2 Fighting
 + Level 13.8 Axes
 + Level 3.7 Throwing
 + Level 8.2 Armour
 + Level 3.7 Dodging
 + Level 2.0 Stealth
 * Level 8.9 Shields
 * Level 6.1 Evocations


You had 11 spell levels left.
You didn't know any spells.
Your spell library contained the following spells:

 Spells                   Type           Power      Damage    Failure   Level
 Apportation              Tloc           0%         N/A       100%        1
 Necrotise                Necr           0%         1d4       100%        1
 Summon Small Mammal      Summ           0%         N/A       100%        1
 Blink                    Tloc           0%         N/A       100%        2
 Ensorcelled Hibernation  Hex/Ice        0%         N/A       100%        2
 Passwall                 Tmut/Erth      0%         N/A       100%        2
 Static Discharge         Conj/Air       0%         3-3/arc   100%        2
 Lesser Beckoning         Tloc           0%         N/A       100%        3
 Spider Form              Tmut/Pois      0%         N/A       100%        3
 Swiftness                Air            0%         N/A       100%        3
 Anguish                  Hex/Necr       0%         N/A       100%        4
 Dispel Undead            Necr           0%         3d6       100%        4
 Sticky Flame             Conj/Fire      0%         2d3       100%        4
 Manifold Assault         Tloc           0%         N/A       100%        5
 Conjure Ball Lightning   Conj/Air       0%         3x3d6     100%        6
 Discord                  Hex            0%         N/A       100%        8
 Disjunction              Tloc           0%         N/A       100%        8


Dungeon Overview and Level Annotations

Branches:
Dungeon (11/15)            Temple (0/1) D:5            Lair (0/5) D:10
    Orc (0/2) D:11          IceCv (1/1)

Altars:
Ashenzari
Cheibriados
Elyvilon
Fedhas
Gozag
Hepliaklqana
Kikubaaqudgha
Makhleb
Nemelex Xobeh
Qazlal
Ru
Trog
Vehumet
Wu Jian
Yredelemnul
Zin

Shops:
D:11 [


Message History

The reaper hits you with a +1 scythe of freezing.
You hit the reaper but do no damage. You block the reaper's attack.
You hit the reaper.
The reaper is lightly wounded.
The reaper hits you with a +1 scythe of freezing!!
The reaper freezes you.
You hit the reaper.
The reaper is lightly wounded.
The reaper hits you with a +1 scythe of freezing!
The reaper freezes you.
You slash the reaper!
The reaper is moderately wounded.
You block the reaper's attack.
You hit the reaper but do no damage.
The reaper is moderately wounded.
You block the reaper's attack.
You hit the reaper.
The reaper is moderately wounded.
You block the reaper's attack.
You slash the reaper!
The reaper is heavily wounded.
The reaper hits you with a +1 scythe of freezing!!
* * * LOW HITPOINT WARNING * * *
The reaper freezes you.
* * * LOW HITPOINT WARNING * * *
You feel better. You block the reaper's attack.
You feel better.
The reaper hits you with a +1 scythe of freezing!!
* * * LOW HITPOINT WARNING * * *
The reaper freezes you.
* * * LOW HITPOINT WARNING * * *
You feel better.
The reaper hits you with a +1 scythe of freezing!!
* * * LOW HITPOINT WARNING * * *
You aren't carrying any items that you can evoke.
A red film seems to cover your vision as you go berserk!
You feel yourself moving faster!
You feel mighty!
The reaper hits you with a +1 scythe of freezing!!
You die...
Your body crumbles into a pile of gold.

### ####⌠####
#.......#
#.##@##.#
#.#$2[#.#
#.#?⌠.#.#
##.#/.|#.##
####8.#####.8####
#...............#
#'######'######'#
#.#.'.......'.#.#
#.###.8...8.###.#


You could see a reaper.

Vanquished Creatures
  2 two-headed ogres
  Amaemon (D:10)
  2 ice statues (IceCv)
  An orange demon (D:10)
  A gargoyle (D:10)
  2 anaconda simulacra (IceCv)
  8 ice devils (IceCv)
  2 trolls
  Grinder (D:6)
  A hornet (D:8)
  A dire elephant simulacrum (IceCv)
  A shadow (D:10)
  A wyvern (D:8)
  A vampire (D:11)
  Eustachio (D:6)
  6 yaks (D:9)
  5 harpy simulacra (IceCv)
  3 water moccasins
  2 hydra simulacra (IceCv)
  2 sky beasts
  4 orc warriors
  A black bear (D:5)
  2 ice beasts
  An ogre (D:7)
  5 centaurs
  4 kobold brigands
  2 bullfrogs (D:8)
  A gnoll sergeant (D:6)
  2 necrophages
  2 scorpions (D:5)
  6 wights
  An elephant simulacrum (IceCv)
  10 killer bees
  7 howler monkeys
  An electric eel (D:8)
  3 hounds
  4 jellies
  5 orc priests
  5 iguanas
  8 orc wizards
  A statue (D:3)
  14 gnolls
  9 adders
  A naga simulacrum (IceCv)
  4 white imps
  An ufetubus (IceCv)
  4 worms
  A dart slug (D:1)
  26 orcs
  8 ball pythons
  4 bats
  5 endoplasms
  2 giant cockroaches
  6 goblins
  4 hobgoblins
  4 jackals (D:4)
  27 kobolds
  A frilled lizard (D:1)
  5 rats
245 creatures vanquished.

Vanquished Creatures (collateral kills)
  A phantom (D:4)
  An adder (D:4)
  2 gnolls (D:4)
4 creatures vanquished.

Vanquished Creatures (others)
  3 withered plants (D:10)
3 creatures vanquished.

Grand Total: 252 creatures vanquished

Notes
Turn   | Place    | Note
-------+----------+-------------------------------------------
     0 | D:1      | Dorkslayer the Hill Orc Fighter began the quest for the
                  | Orb.
     0 | D:1      | Reached XP level 1. HP: 19/19 MP: 1/1
   321 | D:1      | Reached XP level 2. HP: 27/27 MP: 2/2
   519 | D:1      | Reached skill level 3 in Axes
   879 | D:2      | Found a faded altar of an unknown god.
   918 | D:2      | Reached XP level 3. HP: 33/33 MP: 3/3
  1117 | D:2      | Reached skill level 1 in Dodging
  1556 | D:2      | Reached XP level 4. HP: 40/40 MP: 4/4
  2017 | D:3      | Found an opulent altar of Gozag.
  2036 | D:3      | Became a worshipper of Gozag Ym Sagoz the Greedy
  2042 | D:3      | Found a basalt altar of Yredelemnul.
  2217 | D:3      | Reached skill level 4 in Axes
  2231 | D:3      | Reached XP level 5. HP: 7/46 MP: 5/5
  2580 | D:3      | Found a radiant altar of Vehumet.
  2580 | D:3      | Noticed a frost-covered statue
  2606 | D:3      | Killed a frost-covered statue
  3148 | D:4      | Found a broken altar of Ashenzari.
  3181 | D:4      | Noticed a phantom
  3193 | D:4      | Killed a phantom
  3194 | D:4      | Reached XP level 6. HP: 51/53 MP: 6/6
  3421 | D:4      | HP: 1/53 [gnoll/+0 club (3)]
  3443 | D:4      | Reached skill level 5 in Axes
  3443 | D:4      | Reached skill level 1 in Throwing
  4003 | D:5      | Entered Level 5 of the Dungeon
  4003 | D:5      | Noticed a black bear
  4096 | D:5      | Reached XP level 7. HP: 54/60 MP: 7/7
  4220 | D:5      | Reached skill level 6 in Axes
  4549 | D:5      | Reached skill level 5 in Fighting
  4563 | D:5      | Reached skill level 5 in Armour
  4566 | D:5      | Reached XP level 8. HP: 68/68 MP: 8/8
  4574 | D:5      | Found a staircase to the Ecumenical Temple.
  4610 | D:5      | Reached skill level 7 in Axes
  4815 | D:5      | HP: 1/68 [water moccasin (5)]
  5383 | D:6      | Noticed Grinder
  5436 | D:6      | Killed Grinder
  5437 | D:6      | Reached skill level 8 in Axes
  5437 | D:6      | Reached skill level 1 in Evocations
  5795 | D:6      | You fall into a shaft and drop 3 floors!
  5987 | D:9      | Reached XP level 9. HP: 16/75 MP: 9/9
  6331 | D:7      | Reached skill level 9 in Axes
  6361 | D:7      | Reached skill level 5 in Shields
  6821 | D:6      | Noticed Eustachio
  6838 | D:6      | Killed Eustachio
  6947 | D:6      | Identified the +5 chain mail of the Big Bang {rC+}
  7515 | D:7      | Found a blossoming altar of Fedhas.
  7810 | D:7      | Found the +7 Kryia's mail coat {PotionHeal*2 rC+}
  7819 | D:7      | Reached skill level 10 in Axes
  8035 | D:7      | Found a sacrificial altar of Ru.
  8208 | D:8      | Found a snail-covered altar of Cheibriados.
  8237 | D:8      | Reached XP level 10. HP: 80/86 MP: 10/10
  8272 | D:8      | Found a sparkling altar of Nemelex Xobeh.
  8317 | D:8      | Reached skill level 1 in Stealth
  8638 | D:8      | Reached skill level 11 in Axes
  8776 | D:8      | Noticed a moth of wrath
  8779 | D:8      | Found a bloodstained altar of Trog.
  9126 | D:8      | Noticed a two-headed ogre
  9136 | D:8      | Killed a two-headed ogre
  9692 | D:9      | Noticed a two-headed ogre
  9699 | D:9      | Killed a two-headed ogre
  9700 | D:9      | Reached skill level 12 in Axes
 10143 | D:9      | Reached XP level 11. HP: 91/95 MP: 11/11
 10147 | D:9      | Reached skill level 5 in Evocations
 10479 | D:10     | Entered Level 10 of the Dungeon
 10562 | D:10     | Found a glowing silver altar of Zin.
 10766 | D:10     | Found a white marble altar of Elyvilon.
 10807 | D:10     | Found an ancient bone altar of Kikubaaqudgha.
 11089 | D:10     | Found a staircase to the Lair.
 11091 | D:10     | Found a stormy altar of Qazlal.
 11112 | D:10     | Found a burning altar of Makhleb.
 11202 | D:10     | Found a hazy altar of Hepliaklqana.
 11346 | D:10     | Noticed Amaemon
 11356 | D:10     | Killed Amaemon
 11357 | D:10     | Reached skill level 13 in Axes
 11751 | D:10     | Found an ornate altar of the Wu Jian Council.
 11976 | D:11     | Found Qihopt's Armour Shop.
 12047 | D:11     | Found a frozen archway.
 12051 | IceCv    | Entered an ice cave
 13277 | IceCv    | Reached skill level 10 in Fighting
 14000 | IceCv    | Reached XP level 12. HP: 103/106 MP: 12/12
 14188 | IceCv    | Noticed a reaper
 14200 | IceCv    | HP: 5/106 [reaper/+1 scythe of freezing (21)]
 14201 | IceCv    | Mangled by a reaper

Illustrated notes

Levels and vault maps discovered:
D:1:      amcnicky_arrival_abandoned_market, layout_basic
D:2:      layout_basic, basic_ecumenical_altar
D:3:      layout_rooms, lemuel_tele_altar, vehumet_statue,
          amcnicky_altar_gilded, grunt_ministairs_13, hex_medium,
          minmay_misc_feat_cross
D:4:      layout_basic, cheibrodos_ashenzari_chains
D:5:      layout_basic, minmay_temple_entry_waves
D:6:      minmay_general_purpose_star, layout_loops_ring, uniq_grinder,
          uniq_eustachio
D:7:      wander_river, layout_basic, mainiacjoe_overflow_surrounded_room,
          nicolae_ru_great_annihilating_truth, serial_glass, glass_columns_c,
          glass_columns_a, glass_columns_b, glass_columns_a, glass_columns_c,
          glass_columns_a, glass_columns_a, glass_columns_b, glass_columns_a,
          glass_columns_c, glass_columns_b, glass_columns_a, glass_columns_c,
          glass_columns_c, minmay_strange_pillars, minmay_strange_pillars
D:8:      layout_basic, mainiacjoe_overflow_tiny_flanked, tgw_trog,
          mainiacjoe_overflow_brackets, minmay_crystal_water
D:9:      layout_loops_corners
D:10:     layout_loops_ring, kennysheep_mini, nicolae_overflow_crystal_walls,
          lemuel_coloured_pillars_altar, kiku_gazebo_garden_becter,
          amethyst_overflow_temple_binary, zin_scriptorium, lair_entry_dummy,
          uniq_amaemon
D:11:     layout_rooms, erik_orc_1, portal_ice_cave_entry_pillars_2,
          serial_shops, shop
IceCv:    ice_cave_tombish

Skill      XL: |  1  2  3  4  5  6  7  8  9 10 11 |
---------------+----------------------------------+-----
Axes           | 3 4 5 6 8 10 12 13 | 13.8
Dodging        | 1 2 3 |  3.7
Fighting       | 4 5 7 8 10 | 10.2
Armour         | 4 5 6 7 8 |  8.2
Throwing       | 1 2 3 |  3.7
Shields        | 4 5 7 8 |  8.9
Evocations     | 2 3 4 6 |  6.1
Stealth        | 1 2 |  2.0

Action                   |  1- 3 |  4- 6 |  7- 9 | 10-12 || total
-------------------------+-------+-------+-------+-------++-------
Melee: War axe           |    76 |   121 |       |       ||   197
       Broad axe         |       |    48 |   308 |   432 ||   788
Throw: Boomerang         |       |    20 |     2 |    21 ||    43
       Throwing net      |       |       |       |     2 ||     2
Evoke: Wand              |       |       |     5 |     4 ||     9
  Use: Scroll            |       |     7 |     7 |     6 ||    20
       Potion            |       |     7 |     1 |     4 ||    12
 Stab: Distracted        |       |     1 |     1 |     5 ||     7
       Invisible         |       |       |     1 |       ||     1
       Held in net/web   |       |       |       |     1 ||     1
Armor: Chain mail        |    74 |    94 |   147 |   228 ||   543
       Plate armour      |       |       |    41 |       ||    41
Dodge: Dodged            |    21 |    79 |   112 |   108 ||   320
Block: Buckler           |    15 |    39 |    62 |       ||   116
       Kite shield       |       |       |    45 |   257 ||   302
